Map: 汇龙岛 - 天梯版

Players

INnoVation - Winner!

  • Race: Terran Terran
  • Spawn Location: 5:00

JinairRogue (Rogue)

  • Race: Zerg Zerg
  • Spawn Location: 11:00

Event: 2018 Hangzhou StarCraft Carnival

VOD

Have the link to the VOD?

Description

Time

  • Played on: April 30, 2018, 6:04 a.m.
  • Length: 27:31

All games in this series

Show
View Real Time Build Order
Export as new Build Order

INnoVation Terran - Winner!

Build Orders: Hellion Opening, Reaper Expand, Mech 

Get SALT Encoding   

  12  0:00  SCV  
  13  0:12  SCV  
  14  0:17  Supply Depot  
  14  0:24  SCV  
  15  0:38  SCV  
  15  0:40  Barracks  
  16  0:43  Refinery  
  16  0:50  SCV  
  17  1:02  SCV  
  18  1:15  SCV  
  19  1:27  Reaper, Orbital Command  
  20  1:40  Command Center  
  20  1:51  Supply Depot  
  20  1:52  SCV  
  21  1:58  Marine  
  22  2:04  SCV  
  23  2:09  Factory  
  23  2:14  Refinery  
  23  2:18  SCV  
  23  2:20  Barracks Reactor  
  24  2:31  SCV  
  25  2:43  SCV  
  26  2:53  Orbital Command  
  26  2:54  Starport  
  26  2:55  SCV  
  27  3:00  Hellion x2  
  31  3:05  Barracks Tech Lab  
  31  3:07  SCV  
  32  3:15  Supply Depot  
  32  3:21  Hellion x2  
  32  3:25  SCV x2  
  38  3:37  Viking  
  38  3:39  SCV  
  38  3:40  SCV  
  42  3:43  Hellion  
  42  3:44  Hellion  
  42  3:47  Supply Depot  
  46  3:51  SCV  
  46  3:52  SCV  
  48  4:01  Supply Depot  
  48  4:05  SCV x2  
  48  4:07  Medivac  
  52  4:10  Cyclone  
  52  4:11  Cyclone  
  58  4:18  SCV x2  
  58  4:23  Supply Depot  
  60  4:26  Armory  
  60  4:30  SCV x2  
  62  4:35  Supply Depot  
  62  4:42  Hellion  
  62  4:43  SCV x2, Hellion  
  68  4:52  Command Center  
  68  4:59  SCV x2  
  70  5:04  Hellion  
  70  5:05  Hellion  
  70  5:06  Refinery x2  
  74  5:12  SCV x2  
  74  5:13  Supply Depot  
  76  5:14  Terran Vehicle Weapons Level 1  
  76  5:24  SCV x2  
  76  5:25  Cyclone  
  70  5:36  SCV x2  
  70  5:38  Banshee  
  73  5:48  Cyclone  
  74  5:50  SCV x2  
  74  5:55  Factory  
  76  5:57  Cyclone  
  76  6:02  SCV x2  
  81  6:04  Factory  
  81  6:05  Orbital Command  
  81  6:09  Supply Depot  
  81  6:14  SCV x2  
  83  6:18  Barracks Tech Lab  
  83  6:22  Hellion  
  83  6:23  Armory  
  83  6:24  Supply Depot  
  85  6:27  SCV x2  
  85  6:29  Hellion  
  85  6:30  Starport Reactor  
  89  6:34  Orbital Command  
  89  6:42  SCV x2  
  89  6:45  Refinery  
  89  6:46  Hellion  
  96  6:47  Siege Tank, Refinery  
  96  6:51  Hellion  
  99  6:54  SCV x2  
  99  6:56  Siege Tank  
  99  7:00  SCV  
  104  7:02  Supply Depot  
  104  7:03  Supply Depot  
  104  7:06  SCV x2  
  106  7:11  Engineering Bay  
  106  7:12  SCV, Hellion x2  
  111  7:18  SCV x2, Terran Vehicle Weapons Level 2  
  111  7:19  Siege Tank, Terran Vehicle And Ship Armor Level 1  
  115  7:24  SCV  
  114  7:30  SCV x2  
  114  7:36  SCV  
  116  7:39  Siege Tank, Hellion  
  116  7:40  Command Center  
  116  7:41  Hellion  
  116  7:42  SCV x2  
  125  7:48  SCV, Supply Depot  
  129  7:56  SCV  
  129  7:57  SCV, Factory x2  
  131  8:00  SCV  
  131  8:04  Supply Depot x2  
  131  8:05  Supply Depot  
  132  8:06  Viking x2  
  132  8:08  Hellion x2  
  132  8:11  Missile Turret  
  132  8:12  Siege Tank  
  140  8:13  Siege Tank  
  143  8:21  SCV  
  143  8:22  SCV x2  
  143  8:24  Supply Depot  
  146  8:31  Hellion x2  
  150  8:36  SCV x2  
  150  8:37  SCV  
  150  8:39  Viking x2  
  157  8:41  Factory Tech Lab  
  157  8:42  Factory Reactor  
  157  8:44  Siege Tank  
  157  8:45  Siege Tank  
  163  8:52  Hellion  
  163  8:53  Hellion  
  167  8:59  Infernal Pre-Igniter  
  167  9:04  Refinery  
  167  9:05  Refinery  
  167  9:06  Missile Turret, Hellion x9  
  167  9:07  Siege Tank  
  167  9:08  Missile Turret  
  167  9:10  Viking x2  
  167  9:14  Missile Turret, Hellion x2  
  167  9:16  Siege Tank  
  178  9:17  Missile Turret  
  178  9:19  Planetary Fortress  
  178  9:22  Command Center  
  173  9:32  Sensor Tower  
  173  9:37  Siege Tank, Hellion x2  
  173  9:38  Hellion x2  
  184  9:44  Viking x2  
  179  10:07  Hellion x6  
  179  10:10  Siege Tank x3  
  179  10:11  Hellion x2  
  179  10:12  Hellion  
  179  10:13  Hellion  
  179  10:14  Viking x2  
  185  10:17  Supply Depot  
  185  10:22  Starport x2  
  185  10:26  Terran Vehicle Weapons Level 3  
  184  10:41  Hellion x5  
  184  10:46  Starport  
  184  10:47  Starport  
  184  10:48  Hellion x3  
  184  10:49  Hellion  
  192  10:51  Thor  
  192  10:52  Thor  
  188  11:11  Starport Tech Lab x2  
  186  11:13  Viking x2  
  186  11:17  Missile Turret x2  
  180  11:29  Thor  
  180  11:30  Missile Turret  
  186  11:33  Thor  
  186  11:35  Thor  
  198  11:42  Corvid Reactor  
  198  11:43  Starport Tech Lab, Starport Reactor  
  198  11:46  Command Center  
  198  11:56  Planetary Fortress  
  198  11:58  Sensor Tower  
  198  12:06  Raven  
  198  12:08  Hellion x8  
  200  12:16  Refinery  
  200  12:18  Terran Vehicle And Ship Armor Level 2  
  200  12:25  Refinery  
  200  12:27  Smart Servos  
  200  12:33  Missile Turret  
  200  12:34  Building Armor  
  200  12:37  Missile Turret  
  200  12:38  Missile Turret  
  200  12:40  Missile Turret  
  200  12:44  Missile Turret  
  200  12:49  Barracks  
  198  13:00  Raven  
  198  13:06  Raven x2  
  200  13:19  Command Center  
  190  13:20  Command Center x2  
  190  13:21  Missile Turret  
  184  13:33  Missile Turret  
  184  13:42  Raven  
  184  13:45  Missile Turret  
  184  13:49  Raven x2  
  184  13:52  Thor x2  
  200  14:07  Planetary Fortress  
  200  14:14  Hi-Sec Auto Tracking  
  200  14:15  Missile Turret  
  200  14:17  Missile Turret x2  
  200  14:19  Terran Ship Weapons Level 1  
  200  14:21  Factory x2  
  200  14:23  Factory  
  200  14:28  Starport  
  200  14:29  Starport  
  200  14:33  Orbital Command x2  
  200  14:34  Orbital Command  
  197  14:39  Command Center  
  197  14:44  Missile Turret  
  197  14:45  Command Center, Missile Turret  
  194  14:47  Refinery  
  194  14:48  Refinery  
  194  14:50  Raven  
  196  14:54  Raven  
  196  14:55  Raven  
  200  15:11  Missile Turret  
  200  15:16  Starport Tech Lab  
  200  15:17  Starport Tech Lab  
  200  15:35  Terran Vehicle And Ship Armor Level 3  
  200  15:36  Factory Tech Lab  
  200  15:37  Factory Tech Lab  
  200  15:39  Factory Reactor  
  195  15:53  Missile Turret, Orbital Command  
  195  15:54  Missile Turret  
  195  15:59  Orbital Command  
  195  16:01  Raven x3  
  199  16:16  Hellbat x3  
  199  16:17  Hellbat x2  
  199  16:18  Hellbat  
  198  16:29  Terran Ship Weapons Level 2  
  198  16:31  Raven  
  197  16:48  Missile Turret  
  197  16:49  Missile Turret x2  
  197  16:53  Raven  
  197  16:54  Raven x3  
  186  16:56  Thor x2  
  186  16:57  Thor  
  196  17:14  Raven  
  190  17:16  Thor  
  190  17:18  Hellbat x2  
  200  17:27  Viking  
  200  17:28  Viking x2  
  197  17:36  Raven x2  
  193  17:37  Raven x2  
  193  17:40  Hellion  
  199  17:45  Orbital Command  
  199  17:49  Refinery  
  193  18:06  Thor  
  193  18:10  Raven  
  193  18:12  Hellion x4  
  181  18:13  Hellion  
  181  18:18  Hellion  
  181  18:19  Raven  
  170  18:20  Thor  
  176  18:28  Siege Tank  
  178  18:34  SCV x2  
  178  18:37  SCV  
  178  18:41  Raven x3  
  175  18:53  Raven  
  175  18:55  Viking x4  
  163  19:02  Raven  
  169  19:06  Hellion x5  
  179  19:12  Thor  
  179  19:16  Thor  
  191  19:22  Hellion x3  
  191  19:24  Raven  
  187  19:40  Thor  
  187  19:43  Hellion, Thor  
  187  19:44  Hellion x2  
  193  19:48  Thor  
  181  19:54  Thor  
  179  20:07  Hellion x4  
  179  20:08  Hellion x2  
  189  20:18  Raven x2  
  189  20:20  Hellion  
  195  20:23  Hellion  
  195  20:24  Orbital Command  
  195  20:27  Hellion  
  199  20:31  Command Center  
  199  20:32  SCV  
  200  20:43  Refinery  
  200  20:44  Refinery  
  200  20:50  Sensor Tower, Terran Ship Weapons Level 3  
  200  21:09  Orbital Command  
  200  21:15  Hellion x24  
  200  21:19  Missile Turret  
  200  21:24  Raven x3  
  200  21:26  Refinery  
  200  21:27  Refinery  
  200  21:34  Missile Turret  
  200  21:35  Missile Turret  
  200  21:36  Missile Turret  
  176  21:59  Command Center  
  179  22:02  Raven  
  170  22:11  Hellion x8  
  170  22:12  Hellion  
  170  22:13  Raven, Hellion x2  
  180  22:28  Raven  
  172  22:49  Siege Tank  
  172  22:50  Siege Tank  
  176  22:53  Hellbat x5  
  185  23:02  Hellion x5  
  185  23:12  Planetary Fortress  
  191  23:27  Hellion x5  
  191  23:28  Hellion  
  191  23:29  Raven  
  194  23:38  Missile Turret  
  194  23:45  Raven, Hellion  
  198  23:50  Raven  
  198  24:04  Planetary Fortress  
  198  24:07  Orbital Command  
  185  24:14  Hellion x3  
  185  24:15  Hellion x4  
  192  24:21  SCV x7  
  192  24:23  Raven  
  200  24:42  Missile Turret  
  187  25:17  Command Center  
  187  25:21  Raven x4  
  168  25:27  Hellbat x2, Hellion  
  168  25:28  Hellbat x8  
  160  25:47  Raven  
  160  25:49  Orbital Command, Hellbat x2  
  160  26:03  Raven  
  162  26:09  SCV  
  162  26:11  SCV  
  162  26:12  SCV  
  162  26:16  SCV x3  
  165  26:26  Hellion x18  
  165  26:27  Siege Tank x4  
  177  26:33  SCV x6  
  177  26:34  SCV x2  
  185  26:42  Siege Tank  
  185  26:45  SCV x5  
  185  26:46  SCV  
  194  26:56  Hellion x2  
Show
View Real Time Build Order
Export as new Build Order

JinairRogue Zerg 

Build Orders: Hatch First, Roach Hydra 

Get SALT Encoding   

  12  0:00  Drone  
  13  0:12  Overlord  
  13  0:17  Drone  
  14  0:31  Drone x2  
  14  0:34  Drone  
  17  0:52  Hatchery  
  17  0:54  Drone  
  17  0:57  Drone  
  18  1:09  Extractor  
  17  1:13  Spawning Pool  
  17  1:15  Drone  
  17  1:19  Drone  
  18  1:28  Drone  
  19  1:38  Overlord  
  19  1:59  Queen  
  19  2:00  Zergling x2  
  19  2:01  Zergling x2  
  23  2:05  Queen  
  23  2:06  Zergling x2  
  23  2:08  Metabolic Boost  
  26  2:11  Drone  
  26  2:15  Drone  
  28  2:23  Drone  
  28  2:26  Drone  
  30  2:34  Drone  
  31  2:37  Queen  
  31  2:39  Drone  
  34  2:45  Pneumatized Carapace  
  34  2:47  Overlord  
  34  2:49  Drone  
  35  2:54  Drone  
  36  3:09  Drone  
  36  3:10  Drone x4  
  36  3:11  Drone  
  42  3:17  Drone x2  
  44  3:21  Overlord  
  44  3:33  Hatchery, Overlord  
  43  3:37  Drone  
  43  3:40  Drone x2  
  46  3:45  Queen  
  48  3:50  Queen  
  48  3:53  Drone x2  
  52  3:58  Zergling x4  
  52  4:00  Drone x3  
  57  4:03  Overlord  
  57  4:06  Zergling x2  
  58  4:13  Roach Warren  
  58  4:14  Drone  
  58  4:15  Extractor  
  58  4:16  Extractor  
  56  4:17  Overlord  
  56  4:20  Overlord  
  56  4:28  Lair  
  56  4:30  Drone  
  56  4:31  Drone  
  58  4:33  Spore Crawler  
  57  4:42  Drone x3, Overlord  
  62  4:52  Roach  
  62  4:53  Roach x2  
  62  4:56  Roach  
  62  4:57  Roach x2  
  62  4:59  Roach x2  
  75  5:02  Roach  
  77  5:07  Drone x4  
  77  5:09  Drone  
  77  5:12  Roach  
  84  5:21  Roach x2  
  84  5:23  Drone  
  84  5:28  Drone x2  
  87  5:29  Roach  
  87  5:33  Roach x2  
  87  5:35  Roach  
  86  5:38  Roach x2  
  86  5:39  Overlord x2  
  90  5:45  Overlord  
  90  5:48  Extractor  
  89  5:53  Drone, Glial Reconstitution  
  89  5:56  Overseer, Evolution Chamber  
  89  5:58  Evolution Chamber  
  89  5:59  Overlord  
  88  6:08  Drone x8  
  96  6:12  Infestation Pit  
  95  6:20  Drone x3  
  95  6:22  Drone x2  
  95  6:25  Drone x7  
  106  6:28  Extractor x2  
  106  6:30  Zerg Missile Weapons Level 1  
  105  6:36  Zerg Ground Armor Level 1  
  105  6:39  Drone x3  
  108  6:42  Overlord  
  108  6:46  Roach x2  
  112  6:52  Roach  
  114  6:55  Overlord  
  114  6:56  Roach x3  
  114  6:57  Roach  
  114  6:59  Hive  
  122  7:01  Overlord  
  122  7:04  Overlord  
  122  7:11  Hatchery  
  121  7:19  Drone x7  
  128  7:24  Drone x2  
  128  7:25  Hydralisk Den  
  128  7:26  Drone  
  128  7:28  Drone x2  
  128  7:30  Drone  
  128  7:32  Drone x5  
  128  7:36  Drone  
  135  7:39  Roach x2  
  139  7:47  Hatchery  
  139  7:49  Spore Crawler, Drone x2  
  139  7:51  Overlord  
  139  7:53  Overlord  
  139  7:58  Drone x2  
  139  8:00  Extractor  
  139  8:01  Grooved Spines  
  139  8:02  Extractor  
  139  8:03  Overlord  
  139  8:14  Viper x3  
  139  8:17  Overlord x2  
  148  8:28  Hydralisk  
  148  8:29  Hydralisk x5  
  160  8:35  Zerg Missile Weapons Level 2  
  160  8:36  Zerg Ground Armor Level 2  
  160  8:40  Hatchery  
  159  8:41  Overseer  
  159  8:47  Hydralisk  
  159  8:48  Hydralisk x5  
  171  9:00  Spire  
  170  9:05  Hydralisk x4  
  170  9:07  Overlord  
  178  9:12  Muscular Augments  
  178  9:16  Hydralisk x5  
  180  9:23  Extractor  
  185  9:26  Roach x7  
  185  9:30  Overlord  
  199  9:36  Drone  
  200  9:59  Tunneling Claws  
  200  10:00  Burrow  
  200  10:02  Evolution Chamber  
  200  10:03  Evolution Chamber, Extractor  
  200  10:05  Extractor  
  196  10:07  Spine Crawler  
  196  10:08  Drone x3  
  196  10:10  Spine Crawler  
  197  10:16  Drone x3  
  197  10:18  Spine Crawler  
  197  10:20  Spine Crawler  
  198  10:30  Greater Spire  
  198  10:32  Spire  
  194  10:52  Hydralisk  
  194  10:53  Hydralisk x2  
  195  11:00  Drone  
  195  11:01  Drone x4  
  195  11:03  Drone x4  
  192  11:07  Zerg Ground Armor Level 3, Zerg Missile Weapons Level 3  
  192  11:17  Corruptor x4  
  200  11:22  Drone  
  200  11:23  Drone x3  
  200  11:24  Drone  
  200  11:25  Overseer  
  200  11:27  Roach x7  
  194  11:35  Queen  
  194  11:36  Drone x3  
  194  11:37  Drone  
  200  11:49  Hatchery  
  199  11:55  Overseer x2  
  199  11:59  Corruptor  
  199  12:00  Corruptor  
  193  12:10  Zerg Flyer Armor Level 1, Zerg Flyer Weapons Level 1  
  193  12:12  Brood Lord x2  
  193  12:13  Brood Lord x2  
  199  12:20  Drone x2  
  195  12:25  Drone  
  196  12:30  Spore Crawler  
  196  12:31  Drone x4  
  196  12:32  Adrenal Glands, Spore Crawler x2, Pathogen Glands  
  196  12:33  Spore Crawler x3  
  196  12:34  Spore Crawler x2  
  196  12:35  Spore Crawler x2, Drone x2  
  192  12:41  Corruptor  
  192  12:42  Brood Lord x2, Corruptor  
  200  12:54  Spore Crawler, Drone x3  
  200  12:55  Roach x13  
  198  13:22  Corruptor  
  198  13:24  Spore Crawler  
  198  13:25  Spore Crawler x3  
  198  13:26  Spore Crawler  
  195  13:27  Spore Crawler, Drone  
  195  13:28  Drone x2  
  195  13:30  Spine Crawler  
  195  13:31  Drone  
  195  13:32  Drone  
  198  13:37  Drone x2  
  200  13:46  Spine Crawler  
  200  13:47  Spine Crawler  
  200  13:48  Zerg Melee Weapons Level 1  
  198  13:49  Drone x3, Spine Crawler  
  198  13:50  Overseer  
  198  13:52  Overseer x3  
  200  14:15  Roach x12, Spore Crawler, Zerg Flyer Weapons Level 2, Zerg Flyer Armor Level 2  
  200  14:16  Spore Crawler x2  
  197  14:17  Spore Crawler x2  
  197  14:18  Spore Crawler  
  194  14:32  Infestor x2  
  194  14:33  Overseer, Infestor  
  198  14:44  Infestor x5  
  198  14:45  Infestor x3  
  200  15:04  Extractor x2  
  198  15:14  Brood Lord  
  200  15:27  Brood Lord  
  200  15:30  Brood Lord  
  200  15:56  Evolution Chamber  
  199  15:58  Drone x2, Evolution Chamber  
  199  15:59  Evolution Chamber  
  199  16:06  Drone  
  196  16:31  Infestor x2  
  198  17:00  Infestor  
  198  17:01  Infestor  
  200  17:15  Roach x4  
  200  17:27  Corruptor x2  
  200  17:28  Corruptor x3  
  188  17:51  Corruptor  
  188  17:52  Corruptor x5  
  200  18:02  Unknown x2  
  133  18:17  Corruptor x5  
  133  18:18  Corruptor x3, Overlord  
  145  18:22  Brood Lord x5  
  145  18:23  Corruptor x4  
  145  18:25  Overlord  
  161  18:33  Overlord x2  
  161  18:43  Brood Lord x6  
  161  18:57  Corruptor x10  
  161  18:58  Hatchery, Corruptor x2  
  161  18:59  Brood Lord  
  161  19:00  Brood Lord x4  
  194  19:07  Overlord  
  194  19:09  Zerg Flyer Weapons Level 3  
  194  19:10  Zerg Flyer Armor Level 3  
  194  19:21  Overseer  
  194  19:22  Overseer  
  154  19:48  Corruptor x16  
  162  19:56  Hydralisk x7  
  162  19:57  Hydralisk x8  
  162  19:58  Overlord x2  
  166  20:03  Overlord  
  166  20:11  Overlord x2  
  166  20:12  Overlord  
  166  20:23  Overlord  
  162  20:31  Brood Lord  
  162  20:32  Brood Lord x5  
  162  20:33  Queen x4  
  162  20:35  Drone x3  
  185  20:36  Drone  
  188  20:42  Brood Lord  
  188  20:44  Brood Lord  
  188  20:48  Spine Crawler  
  188  20:49  Spine Crawler  
  188  20:51  Spine Crawler  
  188  20:52  Overseer  
  188  20:55  Overlord  
  187  21:02  Hydralisk x4  
  195  21:13  Drone  
  195  21:14  Drone x2  
  195  21:15  Spine Crawler  
  195  21:17  Drone x2  
  199  21:23  Drone x2  
  198  21:28  Overseer  
  198  21:29  Overseer  
  196  21:44  Hydralisk x2  
  196  21:46  Infestor x6  
  198  21:51  Roach x10  
  198  21:53  Roach x3  
  198  21:59  Infestor  
  200  22:08  Drone x12  
  197  22:10  Drone x2  
  197  22:11  Drone  
  197  22:14  Drone x3  
  200  22:18  Roach x5  
  189  22:30  Hydralisk x5  
  189  22:36  Drone x3  
  198  22:55  Hydralisk  
  200  22:59  Spore Crawler  
  200  23:03  Spore Crawler  
  200  23:04  Spine Crawler  
  197  23:08  Extractor  
  197  23:09  Roach, Extractor  
  197  23:11  Drone x4  
  199  23:21  Spore Crawler x2  
  199  23:24  Spore Crawler x2  
  193  23:39  Roach x4  
  193  23:41  Hydralisk x3  
  199  23:53  Infestor x4  
  199  23:54  Drone x5  
  200  23:58  Spore Crawler  
  200  23:59  Spore Crawler  
  194  24:13  Brood Lord x2  
  194  24:14  Brood Lord  
  196  24:19  Roach  
  196  24:20  Roach x3  
  192  24:54  Spore Crawler  
  192  24:56  Spore Crawler x2  
  192  24:57  Spore Crawler  
  192  24:58  Spore Crawler  
  192  24:59  Spore Crawler  
  186  25:02  Brood Lord  
  186  25:03  Brood Lord x6  
  186  25:06  Hydralisk  
  186  25:07  Hydralisk  
  193  25:19  Roach x8  
  179  25:25  Infestor  
  179  25:26  Roach x2  
  112  25:36  Roach x4  
  112  25:37  Roach x9  
  110  25:43  Roach  
  110  25:44  Overlord x2  
  89  25:50  Roach, Zergling x2  
  89  25:51  Zergling x28, Queen  
  89  25:52  Zergling x2, Queen  
  111  25:58  Roach x2  
  111  26:03  Roach  
  119  26:04  Roach  
  119  26:09  Hatchery  
  118  26:14  Roach x2  
  120  26:21  Roach  
  122  26:37  Roach x4  
  130  26:45  Roach  
  130  26:46  Roach  
  134  26:52  Roach  
  135  27:01  Roach  
  135  27:02  Roach, Zergling x2  
  135  27:03  Zergling x44  
  135  27:07  Roach  
  170  27:17  Extractor  
  170  27:18  Extractor  
Tags
 
Add a new tag
Caveats
  • Supply blocks, unpowered buildings, or Contaminate may cause inaccurate times.
  • Supply counts are checked every 10 seconds.